 Dungeon Crawl Stone Soup version 0.31-a0-995-g04711c9635 (webtiles) character file.

Game seed: 2680040725298951202

1338280 Sergey the Hawkeye (level 26, 140/178 HPs)
             Began as a Tengu Gladiator on Nov 6, 2023.
             Was a High Priest of Okawaru.
             Escaped with the Orb
             ... and 3 runes!
             The game lasted 02:45:38 (104860 turns).

Sergey the Hawkeye (Tengu Gladiator)              Turns: 104860, Time: 02:45:39

Health: 140/178    AC: 24    Str: 17    XL:     26   Next: 1%
Magic:  33/33      EV: 36    Int:  9    God:    Okawaru [*****.]
Gold:   4958       SH: 31    Dex: 31    Spells: 25/25 levels left

rFire   + + .        w - +9 rapier (speed)
rCold   + + +        u - +7 tower shield "Ygi Ces" {*Corrode rPois rC+++ Stlth+}
rNeg    + + .        Z - +7 swamp dragon scales
rPois   +            y - -2 hat of the Alchemist {rElec rPois rF+ rC+ rN+ Will+ rMut rCorr}
rElec   +            H - scarf {rC+ rF+}
rCorr   +            j - +3 Mad Mage's Maulers {Infuse+∞ VampMP -Cast}
SInv    .            (boots unavailable)
Will    +++..        S - amulet "Totaop" {Regen+ Dex+3}
Stlth   +            g - ring of the Tortoise {AC+8}
HPRegen 1.29/turn    f - ring "Naodet" {rN+ Will+ rCorr Dex+3}
MPRegen 0.23/turn

%: no spellcasting, corrode self (3%), acrobat, resist mutation, infuse magic
(33 MP)
@: flying, glowing
A: beak, talons 3, evasive flight, acrobatic, deformed body, devolution 1
0: Orb of Zot
}: 3/15 runes: serpentine, barnacled, slimy
a: Renounce Religion, Heroism, Finesse, Duel


You escaped.
You worshipped Okawaru.
Okawaru was extremely pleased with you.
You visited 11 branches of the dungeon, and saw 52 of its levels.
You visited 1 bazaar.
You also visited: Trove, Gauntlet, Ice Cave, Wizlab and Desolation.

You collected 10501 gold pieces.
You spent 5543 gold pieces at shops.

Inventory:

Hand Weapons
 e - a +6 antimagic rapier
 s - the +9 sling of Qazlal's Supremacy {drain, Fly rC+ Will+ rCorr}
   (You found it on level 3 of the Dungeon)

   rC+:       It protects you from cold.
   Will+:     It increases your willpower.
   Fly:       It grants you flight.
   rCorr:     It protects you from acid and corrosion.
 w - a +9 rapier of speed (weapon)
Missiles
 o - 4 javelins
 x - 2 datura-tipped darts {!f}
 K - 27 silver javelins
 U - 15 curare-tipped darts
 W - 21 boomerangs (quivered)
 Y - 2 throwing nets
Armour
 j - the +3 Mad Mage's Maulers (worn) {Infuse+∞ VampMP -Cast}
   (Okawaru gifted it to you on level 4 of the Lair of Beasts)

   Infuse+∞: It empowers its wearer's blows with all of their magic.
   VampMP:    Blows struck in melee replenish the wearer's magic.
   -Cast:     It prevents spellcasting.
 q - a +2 robe of willpower
 u - the +7 tower shield "Ygi Ces" (worn) {*Corrode rPois rC+++ Stlth+}
   (You found it on level 2 of the Shoals)

   rC+++:     It renders you almost immune to cold.
   rPois:     It protects you from poison *Corrode: It may corrode you when you
   take damage.
   Stlth+:    It makes you more stealthy.
 y - the -2 hat of the Alchemist (worn) {rElec rPois rF+ rC+ rN+ Will+ rMut rCorr}
   (You found it in a treasure trove)

   rF+:       It protects you from fire.
   rC+:       It protects you from cold.
   rElec:     It insulates you from electricity.
   rPois:     It protects you from poison rN+: It protects you from negative
   energy.
   Will+:     It increases your willpower.
   rCorr:     It protects you from acid and corrosion.
   rMut:      It protects you from mutation.
 z - a +2 cloak of preservation
 H - a scarf of resistance (worn)
 Z - +7 swamp dragon scales (worn)
Jewellery
 a - the ring of Lady Luck {+Blink rCorr}
   (You found it on level 5 of the Pits of Slime)

   [ring of resist corrosion]

   +Blink:    It lets you blink.
   rCorr:     It protects you from acid and corrosion.
 f - the ring "Naodet" (right hand) {rN+ Will+ rCorr Dex+3}
   (You acquired it in a bazaar)

   [ring of resist corrosion]

   Dex+3:     It affects your dexterity (+3).
   rN+:       It protects you from negative energy.
   Will+:     It increases your willpower.
   rCorr:     It protects you from acid and corrosion.
 g - the ring of the Tortoise (left hand) {AC+8}
   (You bought it in a shop on level 2 of the Orcish Mines)

   [ring of protection]

   AC+8:      It affects your AC (+8).
 m - the ring of Fikkidao {Fire rElec Dex+3}
   (You found it in a Gauntlet)

   [ring of fire]

   Fire:      It enhances your fire magic.
   Dex+3:     It affects your dexterity (+3).
   rF+:       It protects you from fire.
   rC-:       It makes you vulnerable to cold.
   rElec:     It insulates you from electricity.
 r - the amulet of Asoitant {Reflect rPois rF+ Int-5 Dex+5 SH+5}
   (You found it in a treasure trove)

   [amulet of reflection]

   Reflect:   It reflects blocked missile attacks.
   Int-5:     It affects your intelligence (-5).
   Dex+5:     It affects your dexterity (+5).
   rF+:       It protects you from fire.
   rPois:     It protects you from poison SH+5: It affects your SH (+5).
 C - the ring of Koygeet {Fly rF++ rC+ MP+9 Dex-5}
   (You found it in a Gauntlet)

   [ring of flight]

   Dex-5:     It affects your dexterity (-5).
   rF++:      It greatly protects you from fire.
   rC+:       It protects you from cold.
   MP+9:      It affects your magic capacity (+9).
   Fly:       It grants you flight.
 L - a +6 ring of intelligence
 M - the ring "Kynoiddu" {Slay+4 SInv Stlth+}
   (You found it on level 6 of the Dungeon)

   [ring of see invisible]

   Slay+4:    It affects your accuracy & damage with ranged weapons and melee
   (+4).
   SInv:      It lets you see invisible.
   Stlth+:    It makes you more stealthy.
 S - the amulet "Totaop" (around neck) {Regen+ Dex+3}
   (You found it on level 1 of the Realm of Zot)

   [amulet of regeneration]

   Dex+3:     It affects your dexterity (+3).
   Regen+:    It increases your rate of health regeneration.
Wands
 c - a wand of acid (31)
 i - a wand of roots (2)
 v - a wand of digging (22)
 Q - a wand of mindburst (34)
Scrolls
 d - 5 scrolls of fear
 p - 14 scrolls of teleportation {@r3}
 A - 5 scrolls of brand weapon
 E - 3 scrolls of fog {@r2}
 G - a scroll of blinking {@r4}
 N - a scroll of enchant armour
 P - 14 scrolls of immolation
 R - 4 scrolls of silence {!r}
Potions
 b - 5 potions of magic
 h - a potion of ambrosia
 k - 3 potions of cancellation
 l - 5 potions of haste {@q5}
 n - 11 potions of mutation
 t - a potion of resistance
 D - 19 potions of curing {@q2}
 F - 10 potions of heal wounds {@q1}
 I - 5 potions of lignification
 J - a potion of might {@q3}
 O - 2 potions of invisibility
 T - 7 potions of enlightenment
Miscellaneous
 B - a lightning rod (4/4)
 V - a condenser vane (inert)


   Skills:
 + Level 21.6 Fighting
 - Level 14.0 Short Blades
 - Level 13.4 Ranged Weapons
 - Level 22.0 Throwing
 - Level 10.0 Armour
 + Level 21.9 Dodging
 - Level 16.0 Stealth
 - Level 16.0 Shields
 - Level 12.0 Invocations
 - Level 10.0 Evocations


You had 25 spell levels left.
You didn't know any spells.
Your spell library contained the following spells:

 Spells                   Type           Power      Damage    Failure   Level
 Foxfire                  Conj/Fire      0%         2x1d4     88%         1
 Freeze                   Ice            0%         1d3       88%         1
 Kiss of Death            Conj/Necr      0%         2d5       88%         1
 Magic Dart               Conj           0%         1d3       88%         1
 Sandblast                Erth           0%         2d4       88%         1
 Blink                    Tloc           0%         N/A       96%         2
 Cigotuvi's Dreadful Rot  Necr/Pois/Air  0%         N/A       96%         2
 Ensorcelled Hibernation  Hex/Ice        0%         N/A       96%         2
 Jinxbite                 Hex            0%         N/A       96%         2
 Lesser Beckoning         Tloc           0%         N/A       96%         2
 Momentum Strike          Conj/Tloc      0%         3d8       96%         2
 Passwall                 Tmut/Erth      0%         N/A       96%         2
 Poisonous Vapours        Pois/Air       0%         N/A       96%         2
 Searing Ray              Conj           0%         2d4       96%         2
 Sublimation of Blood     Necr           0%         N/A       96%         2
 Wereblood                Tmut           0%         N/A       96%         2
 Dazzling Flash           Conj/Hex       0%         N/A       99%         3
 Frozen Ramparts          Ice            0%         1d1       99%         3
 Gell's Gravitas          Tloc           0%         N/A       99%         3
 Hailstorm                Conj/Ice       0%         3d3       99%         3
 Ignite Poison            Fire/Tmut/Pois 0%         N/A       99%         3
 Mephitic Cloud           Conj/Pois/Air  0%         N/A       99%         3
 Ozocubu's Armour         Ice            0%         N/A       99%         3
 Stone Arrow              Conj/Erth      0%         3d7       99%         3
 Teleport Other           Tloc           0%         N/A       99%         3
 Vampiric Draining        Necr           0%         2d6       99%         3
 Volatile Blastmotes      Fire/Tloc      0%         2d10      99%         3
 Anguish                  Hex/Necr       0%         N/A       100%        4
 Brom's Barrelling Bould  Conj/Erth      0%         2d3       100%        4
 Cause Fear               Hex            0%         N/A       100%        4
 Dimensional Bullseye     Hex/Tloc       0%         N/A       100%        4
 Dispel Undead            Necr           0%         3d6       100%        4
 Fulminant Prism          Conj/Hex       0%         3d5       100%        4
 Iskenderun's Mystic Bla  Conj/Tloc      0%         2d3       100%        4
 Leda's Liquefaction      Hex/Erth       0%         N/A       100%        4
 Manifold Assault         Tloc           0%         N/A       100%        4
 Petrify                  Tmut/Erth      0%         N/A       100%        4
 Sticky Flame             Conj/Fire      0%         2d3       100%        4
 Alistair's Intoxication  Tmut/Pois      0%         N/A       100%        5
 Borgnjor's Vile Clutch   Necr/Erth      0%         N/A       100%        5
 Fireball                 Conj/Fire      0%         3d3       100%        5
 Freezing Cloud           Conj/Ice/Air   0%         6-21      100%        5
 Lee's Rapid Deconstruct  Erth           0%         3d4*      100%        5
 Metabolic Englaciation   Hex/Ice        0%         N/A       100%        5
 Silence                  Hex/Air        0%         N/A       100%        5
 Bombard                  Conj/Erth      0%         9d1       100%        6
 Conjure Ball Lightning   Conj/Air       0%         3x3d6     100%        6
 Dispersal                Tloc           0%         N/A       100%        6
 Eringya's Noxious Bog    Tmut/Pois      0%         4d6       100%        6
 Plasma Beam              Fire/Air       0%         2x1d10    100%        6
 Starburst                Conj/Fire      0%         6d3       100%        6
 Discord                  Hex            0%         N/A       100%        8
 Disjunction              Tloc           0%         N/A       100%        8
 Ignition                 Fire           0%         3d3       100%        8
 Maxwell's Capacitive Co  Air            0%         ∞         100%        8
 Animate Armour           Summ/Erth      Unusable   N/A       N/A         4
 Animate Dead             Necr           Unusable   N/A       N/A         4
 Summon Lightning Spire   Summ/Air       Unusable   N/A       N/A         4
 Summon Forest            Summ/Tloc      Unusable   N/A       N/A         5
 Death Channel            Necr           Unusable   N/A       N/A         6
 Simulacrum               Ice/Necr       Unusable   N/A       N/A         6
 Summon Hydra             Summ           Unusable   N/A       N/A         7
 Infestation              Necr           Unusable   N/A       N/A         8
 Dragon's Call            Summ           Unusable   N/A       N/A         9

Dungeon Overview and Level Annotations

Branches:
Dungeon (15/15)            Temple (1/1) D:7            Lair (5/5) D:11
 Shoals (4/4) Lair:2        Snake (4/4) Lair:3        Slime (5/5) Lair:4
    Orc (2/2) D:9             Elf (3/3) Orc:2        Vaults (4/5) D:13
  Crypt (0/3) Vaults:2     Depths (4/4) D:15            Zot (5/5) Depths:4
  IceCv (visited)          WizLab (visited)         Desolation (visited)
Gauntlet (visited)

Altars:
Ashenzari
Cheibriados
Dithmenos
Elyvilon
Fedhas
Gozag
Hepliaklqana
Kikubaaqudgha
Makhleb
Nemelex Xobeh
Okawaru
Qazlal
Ru
Sif Muna
Trog
Uskayaw
Vehumet
Wu Jian
Xom
Yredelemnul
Zin
The Shining One
Jiyva

Shops:
D:1 (   D:2 (   D:6 ?   D:9 [(   D:13 ?=*   Orc:2 =??=(   Elf:1 (=?   Elf:2 !
Shoals:1 !   Vaults:1 [   Vaults:2 (

Portals:
Hell: Depths:1 Depths:2 Depths:3 Depths:4
Abyss: Depths:3
Pandemonium: Depths:4
Ziggurat: Depths:3

Annotations:
D:1 exclusion: downstairs
D:3 exclusion: downstairs
D:4 Edmund
D:9 1 runed translucent door VAULT
Lair:5 1 runed translucent door, Zgarb's ghost, journeyman TrSh
Shoals:1 3 runed translucent doors, Armakuni's ghost, adept HuWn; Qunibeji's ghost, adept HOFi
Shoals:2 exclusions: kraken and 4 more exclusions
Snake:3 1 exclusion, Agnes
Elf:1 1 runed translucent door, Supoed's ghost, veteran HuBe
Depths:2 2 transporters, 1 exclusion
Depths:4 3 exclusions
Zot:1 exclusions: door and orb of fire


Innate Abilities, Weirdness & Mutations

You have a beak for a mouth.
You have claws for feet.
Your magical flight helps you evade attacks. (EV +4)
You can magically evade attacks while moving or waiting.
Armour fits poorly on your strangely shaped body.
You have hidden genetic defects.


Message History

You fly upwards.
Level annotation: exclusion: downstairs
There is a stone staircase leading down here.
There is a stone staircase leading up here.
You fly upwards.
There is a stone staircase leading down here.
You see here a +0 club.
There is an escape hatch in the floor here.
There is a stone staircase leading up, spattered with blood here.
Your extra speed is starting to run out.
You feel yourself slow down.
There is an escape hatch in the ceiling here.
A mysterious force pulls you upwards. The hatch slams shut behind you.
Level annotation: exclusion: downstairs
There is a stone staircase leading down here.
HP restored.
A daeva comes into view.
It is wielding a +3 scimitar of holy wrath.
The daeva calls down the wrath of the Shining One upon you.
The Shining One smites you!
A seraph comes into view.
It is wielding a +7 great sword of flaming.
The seraph gestures.
The seraph begins to accept its allies' injuries.
The daeva calls down the wrath of the Shining One upon you.
The Shining One smites you!
The seraph gestures.
The daeva calls down the wrath of the Shining One upon you.
The Shining One smites you!
Blink to where?
Press: ? - help, Dir - move target
As you read the scroll of blinking {@r4}, it crumbles to dust.
The angel dissolves into sparkling lights!
The cherub dissolves into sparkling lights!
The seraph shouts a warning to its allies!
The daeva calls down the wrath of the Shining One upon you.
The Shining One smites you!
Blink to where?
Press: ? - help, Dir - move target
As you read the scroll of blinking {@r4}, it crumbles to dust.
Unknown command.
You have escaped!

####.####).#..##.#.##..#..#####....
# #.# #.###.#8.#.8#.###.^......## #
#.####.###.##.#.##.###.......... #
#.......#..#8.#.8#..#..#####..##
#########.....##.#.##.....# #..#
..# #######8...8####### #..# #.#
#8#8#8#...#8#8#8######..#
#.########...............#AA.....#
#.)......'.###...@..A###.AAA####.#
##########..............A#### #.#
####### #8#8#8#...#8#8#8# #.##
#.....# #######8...8####### #...
.####.# #.....##.#.##.....# ####
#####.# #..#..#8.#.8#..#..# #..>..#
#.###.##.#.##.###.# ####.##
#.###.#8.#.8#.###.# # #.#
#..#..##.#.##..#..#


You could see a seraph (catching breath) and an angel (summoned).

Vanquished Creatures
  the Royal Jelly (Slime:5)
  A dread lich (Zot:5)
  3 ancient liches (Zot:5)
  5 orbs of fire (Zot:5)
  Mara (Depths:2)
  2 Killer Klowns (Zot:5)
  Saint Roka (Depths:4)
  A Head Instructor (WizLab)
  2 caustic shrikes (Depths:3)
  A curse toe (Zot:2)
  3 golden dragons
  4 electric golems
  A bone dragon (Depths:4)
  5 tentacled monstrosities
  2 liches
  26 Orb Guardians
  2 deep elf blademasters (Elf:3)
  2 quicksilver dragons
  2 deep elf master archers (Elf:3)
  20 acid blobs
  2 sphinxes
  Frances (D:12)
  9 death cobs
  A tengu reaver (Vaults:4)
  2 shadow dragons
  Aizul (Snake:2)
  8 rockslimes
  An azure jelly (shapeshifter) (Depths:3)
  6 storm dragons
  Ilsuiw (Shoals:3)
  2 draconian knights
  8 azure jellies
  6 deep elf sorcerers
  8 nagarajas
  2 iron dragons (Depths:3)
  3 draconian scorchers
  7 frost giants
  8 fire giants
  13 vault wardens
  An imperial myrmidon (Desolation)
  A balrug (Depths:4)
  2 angels
  2 ghost moths
  3 deep elf elementalists (Elf:3)
  3 orc warlords
  2 draconian shifters
  15 ironbound preservers
  A reaper (Gauntlet)
  14 very ugly things
  5 war gargoyles
  8 quicksilver oozes
  3 draconian annihilators
  6 ironbound thunderhulks
  3 formless jellyfish
  A spriggan defender (Depths:3)
  10 stone giants
  4 vampire knights
  Azrael (Elf:1)
  5 purple draconians
  6 green draconians
  2 red draconians
  6 black draconians
  6 deep elf demonologists (Elf:3)
  5 deep elf annihilators
  8 dire elephants
  A halazid warlock (Desolation)
  4 white draconians
  4 yellow draconians
  A lorocyproca (D:10)
  9 spark wasps
  A minotaur (Gauntlet)
  3 deep elf death magi (Elf:3)
  5 crystal guardians
  5 fire dragons
  2 deep elf high priests (Elf:3)
  3 ettins
  14 merfolk impalers
  An eidolon (Depths:1)
  7 merfolk javelineers
  8 yaktaur captains
  2 entropy weavers
  6 ragged hierophants
  2 rakshasas
  7 vault guards
  2 salamander tyrants (Snake:4)
  5 servants of whispers (Desolation)
  10 ice dragons
  2 alligators (Lair:5)
  10 great orbs of eyes
  6 hydras
  Fannar (D:11)
  18 ironbound frosthearts
  8 centaur warriors
  A hell beast (Depths:1)
  4 merfolk avatars
  4 spriggan air magi
  2 boulder beetles
  13 peacekeepers
  24 dancing weapons
  4 alligator snapping turtles
  2 ogre magi (Vaults:2)
  5 merfolk aquamancers
  3 deep troll earth magi
  A death knight (Vaults:2)
  8 death yaks
  4 two-headed ogres
  11 anacondas
  3 deep troll shamans
  2 satyrs
  5 tengu warriors
  23 naga warriors
  A hell hog (Depths:1)
  An occultist (Elf:1)
  3 shock serpents
  13 naga sharpshooters
  2 vampire magi
  4 orc high priests
  4 spriggan berserkers
  Urug (Lair:5)
  Sonja (Orc:1)
  A holy swine (Shoals:4)
  A hell knight (WizLab)
  2 skeletal warriors (D:9)
  18 deep elf knights
  7 salamander mystics
  2 iron trolls
  6 skysharks
  2 cherubim (Shoals:4)
  7 sea snakes
  4 glowing orange brains
  A sixfirhy (Depths:2)
  3 flayed ghosts
  30 deep trolls
  13 deep elf archers
  5 naga ritualists
  9 lindwurms
  8 arcanists
  9 phantasmal warriors
  An orange crystal statue (IceCv)
  7 orc knights
  15 ironbound convokers
  A harpy (shapeshifter) (D:13)
  19 harpies
  8 mana vipers
  A mana viper (shapeshifter) (Depths:1)
  A wolf spider (D:15)
  4 orc sorcerers
  25 deep elf zephyrmancers
  4 oklob plants (Lair:4)
  37 ugly things
  9 salamanders
  5 necromancers
  13 manticores
  29 deep elf pyromancers
  7 cyclopes
  A shining eye (Slime:1)
  17 fauns
  10 moths of wrath
  Maurice (D:9)
  14 elephants
  10 merfolk sirens
  11 guardian serpents
  21 naga magi
  36 black mambas
  8 water nymphs
  12 vault sentinels
  11 cane toads
  Maggie (D:9)
  2 minotaur zombies (Gauntlet)
  2 torpor snails
  A cane toad (shapeshifter) (Elf:3)
  An ice devil (Gauntlet)
  3 unseen horrors (D:11)
  11 rime drakes
  A kobold demonologist (D:9)
  An efreet (D:13)
  13 yaktaurs
  14 komodo dragons
  A spectral naga (Snake:3)
  A freezing wraith (Depths:1)
  A tormentor (Zot:5)
  6 tengu conjurers
  2 hellwings (Gauntlet)
  A queen bee (D:15)
  8 trolls
  12 polar bears
  30 merfolk
  3 meliai (D:15)
  3 hornets
  A tarantella (shapeshifter) (Depths:3)
  5 wind drakes
  14 blink frogs
  3 glass eyes
  12 dream sheep
  59 saltlings
  52 slime creatures
  A jumping spider (Vaults:2)
  10 snapping turtles
  3 spriggans
  12 water elementals
  6 wraiths
  2 vampires
  Eustachio (D:6)
  56 yaks
  4 fire elementals (Elf:1)
  3 wyverns
  3 golden eyes (Slime:5)
  4 vampire mosquitoes (D:12)
  A redback (Vaults:2)
  2 basilisks
  Menkaure (D:6)
  4 steam dragons
  A large abomination (Gauntlet)
  3 chaos spawn (Elf:2)
  39 nagas
  6 wargs
  3 acid dragons
  20 water moccasins
  3 hell hounds (Elf:1)
  2 sky beasts (D:8)
  38 orc warriors
  2 ice beasts
  8 ogres
  2 phantoms
  A boggart (Elf:1)
  14 centaurs
  10 wolves
  5 kobold brigands
  4 small abominations (Gauntlet)
  12 bullfrogs
  2 gnoll sergeants (D:9)
  2 earth elementals
  3 scorpions
  5 wights
  20 killer bees
  2 electric eels (Lair:2)
  3 howler monkeys
  2 gnoll boudas
  2 hounds
  36 orc priests
  2 jellies (D:7)
  7 iguanas
  3 sleepcaps
  39 orc wizards
  6 hell rats (Lair:5)
  17 gnolls
  9 adders
  A shadow imp (D:7)
  11 white imps
  4 ufetubi
  A worm (D:1)
  5 dart slugs
  140 orcs
  5 bats
  5 endoplasms
  2 giant cockroaches (D:1)
  4 goblins
  19 hobgoblins
  6 jackals
  2 quokkas (D:1)
  5 ball pythons
  7 frilled lizards
  21 kobolds
  4 rats
2011 creatures vanquished.

Vanquished Creatures (others)
  A deep elf zephyrmancer (Elf:1)
1 creature vanquished.

Grand Total: 2012 creatures vanquished

Notes
Turn   | Place    | Note
-------+----------+-------------------------------------------
     0 | D:1      | Sergey the Tengu Gladiator began the quest for the Orb.
     0 | D:1      | Reached XP level 1. HP: 12/12 MP: 2/2
   284 | D:1      | Reached skill level 1 in Stealth
   372 | D:1      | Reached XP level 2. HP: 17/17 MP: 3/3
  1113 | D:1      | Found Hywy's Weapon Boutique.
  1762 | D:1      | Found a faded altar of an unknown god.
  1788 | D:1      | Reached XP level 3. HP: 21/21 MP: 4/4
  3994 | D:2      | Reached XP level 4. HP: 27/27 MP: 5/5
  5120 | D:2      | Found Heibek's Weapon Boutique.
  5218 | D:3      | Identified the +9 sling of Qazlal's Supremacy {drain, Fly
                  | rC+ Will+ rCorr}
  5775 | D:3      | Reached XP level 5. HP: 33/33 MP: 6/6
  6186 | D:3      | Identified the +1 spear of Josasig {flame, Contam +Blink
                  | rPois Will+}
  6296 | D:3      | Noticed a phantom
  6303 | D:3      | Killed a phantom
  6304 | D:3      | Reached skill level 5 in Fighting
  6304 | D:3      | Reached skill level 1 in Ranged Weapons
  6304 | D:3      | Reached XP level 6. HP: 30/40 MP: 7/7
  7099 | D:2      | Found Heibek's Weapon Boutique.
  7161 | D:1      | Found a faded altar of an unknown god.
  7359 | D:1      | Found Hywy's Weapon Boutique.
  8024 | D:4      | Found The Oracle's Delphic Readings.
  8057 | D:4      | Found a hide-covered altar of Uskayaw.
  8057 | D:4      | Noticed a +0 hand axe
  8058 | D:4      | Noticed a +0 dagger
  8471 | D:4      | Noticed Edmund
  9470 | D:5      | Entered Level 5 of the Dungeon
  9489 | D:5      | Gained mutation: Your magical flight helps you evade
                  | attacks. (EV +4) [Tengu growth]
  9489 | D:5      | Reached XP level 7. HP: 44/44 MP: 8/8
  9840 | D:5      | Reached skill level 5 in Dodging
 10223 | D:5      | Reached XP level 8. HP: 44/52 MP: 9/9
 11613 | D:5      | Reached skill level 5 in Ranged Weapons
 11909 | D:6      | Found a burning altar of Makhleb.
 12041 | D:6      | Found Sumatru's Magic Scroll Shop.
 12048 | D:6      | Identified the ring "Kynoiddu" {Slay+4 SInv Stlth+}
 12054 | D:6      | Bought a scroll of identify for 28 gold pieces
 12054 | D:6      | Bought a scroll of identify for 28 gold pieces
 12054 | D:6      | Bought a scroll of noise for 14 gold pieces
 12054 | D:6      | Bought a scroll of immolation for 56 gold pieces
 12463 | D:6      | Noticed Eustachio
 12548 | D:6      | Reached XP level 9. HP: 59/59 MP: 10/10
 12939 | D:6      | Noticed Menkaure
 12960 | D:6      | Killed Menkaure
 13153 | D:6      | Killed Eustachio
 13326 | D:7      | Found a staircase to the Ecumenical Temple.
 13333 | Temple   | Entered the Ecumenical Temple
 13352 | Temple   | Became a worshipper of Warmaster Okawaru
 14281 | D:8      | Reached * piety under Okawaru
 14299 | D:8      | Identified the +7 sling "Cihes" {drain, Fly rElec}
 14457 | D:8      | Reached skill level 1 in Invocations
 14582 | D:8      | Reached XP level 10. HP: 66/66 MP: 10/12
 14757 | D:8      | Reached ** piety under Okawaru
 14763 | D:8      | Reached skill level 10 in Fighting
 15435 | D:9      | Found Zoofoini's Weapon Boutique.
 15497 | D:9      | Found a staircase to the Orcish Mines.
 15497 | D:9      | Found Iraowimak's Armour Boutique.
 15593 | D:9      | Bought a +1 robe of fire resistance for 165 gold pieces
 15874 | D:7      | Reached *** piety under Okawaru
 16175 | D:9      | Found a runed translucent door.
 16228 | D:9      | Reached XP level 11. HP: 67/73 MP: 15/15
 16229 | D:9      | Reached skill level 5 in Invocations
 16403 | D:9      | Noticed Maurice
 16410 | D:9      | Killed Maurice
 16423 | D:9      | Reached **** piety under Okawaru
 16423 | D:9      | Noticed Maggie
 16612 | D:9      | Killed Maggie
 16732 | D:9      | Found a runed translucent door.
 16977 | D:10     | Identified the "Niunufri"
 16977 | D:10     | Identified the "Qutu"
 16977 | D:10     | Identified the of Puriepi
 16977 | D:10     | Entered Level 10 of the Dungeon
 17541 | D:10     | Noticed a deep elf pyromancer
 17541 | D:10     | Noticed a deep elf pyromancer
 17563 | D:9      | Killed a deep elf pyromancer
 17579 | D:10     | Killed a deep elf pyromancer
 17580 | D:10     | Noticed a deep elf pyromancer
 17751 | D:10     | Killed a deep elf pyromancer
 17751 | D:10     | Reached ***** piety under Okawaru
 18126 | D:10     | Noticed an arcanist
 18322 | D:10     | Noticed a two-headed ogre
 18439 | D:10     | Killed a two-headed ogre
 18595 | D:6      | Bought a scroll of enchant weapon for 105 gold pieces
 18595 | D:6      | Bought a scroll of poison for 56 gold pieces
 18595 | D:6      | Bought a scroll of revelation for 105 gold pieces
 18927 | D:11     | Reached skill level 10 in Dodging
 18931 | D:11     | Reached skill level 1 in Evocations
 18940 | D:11     | Noticed a manticore
 18946 | D:11     | Killed a manticore
 18947 | D:11     | Reached skill level 10 in Ranged Weapons
 18951 | D:11     | Found a staircase to the Lair.
 18971 | D:11     | Noticed Fannar
 18988 | D:11     | Killed Fannar
 18989 | D:11     | Reached XP level 12. HP: 80/80 MP: 15/18
 19539 | Lair:1   | Entered Level 1 of the Lair of Beasts
 19579 | Lair:1   | Received a gift from Okawaru
 20541 | Lair:2   | Noticed a skyshark
 20551 | Lair:2   | Killed a skyshark
 20571 | Lair:2   | Noticed a skyshark
 20578 | Lair:2   | Killed a skyshark
 20578 | Lair:2   | Received a gift from Okawaru
 20761 | Lair:2   | Noticed a boulder beetle
 20809 | Lair:2   | Killed a boulder beetle
 20810 | Lair:2   | Reached XP level 13. HP: 79/86 MP: 20/20
 22053 | Lair:3   | Received a gift from Okawaru
 22074 | Lair:3   | Found a staircase to the Snake Pit.
 22593 | Lair:4   | Received a gift from Okawaru
 22662 | Lair:4   | Reached ****** piety under Okawaru
 22703 | Lair:4   | Found a viscous altar of Jiyva.
 22703 | Lair:4   | Found a staircase to the Slime Pits.
 23024 | Lair:4   | Reached XP level 14. HP: 94/94 MP: 21/21
 23569 | Lair:5   | Entered Level 5 of the Lair of Beasts
 23604 | Lair:5   | Found a runed translucent door.
 23611 | Lair:5   | Noticed Zgarb's ghost (journeyman TrSh)
 23938 | Lair:5   | Received a gift from Okawaru
 24166 | Lair:5   | Received a gift from Okawaru
 24356 | Lair:5   | Noticed Urug
 24364 | Lair:5   | Killed Urug
 24711 | Lair:5   | Reached skill level 15 in Dodging
 25471 | D:12     | Reached skill level 15 in Fighting
 25492 | D:12     | Noticed Frances
 25660 | D:12     | Killed Frances
 25660 | D:12     | Received a gift from Okawaru
 25661 | D:12     | Reached skill level 5 in Short Blades
 25957 | D:13     | Found Ulosucwe's General Store.
 25972 | D:13     | Bought a scroll of fear for 40 gold pieces
 25972 | D:13     | Bought a scroll of enchant armour for 75 gold pieces
 26000 | D:13     | Found a gate leading to a gauntlet.
 26007 | Gauntlet | Entered a Gauntlet
 26007 | Gauntlet | Found a transporter.
 26007 | Gauntlet | Found a transporter.
 26011 | Gauntlet | Found a transporter.
 26011 | Gauntlet | Found a transporter.
 26034 | Gauntlet | Found a transporter.
 26035 | Gauntlet | Found the sphere of Battle
 26042 | Gauntlet | Noticed a reaper
 26044 | Gauntlet | Found a transporter.
 26044 | Gauntlet | Found a transporter.
 26049 | Gauntlet | Found a transporter.
 26076 | Gauntlet | Found a transporter.
 26101 | Gauntlet | Found a transporter.
 26146 | Gauntlet | Found a transporter.
 26162 | Gauntlet | Found a transporter.
 26174 | Gauntlet | Found a transporter.
 26251 | Gauntlet | Found a transporter.
 26261 | Gauntlet | Found a transporter.
 26275 | Gauntlet | Found a transporter.
 26476 | Gauntlet | Identified the ring of Fikkidao {Fire rElec Dex+3}
 26615 | Gauntlet | Killed a reaper
 26624 | Gauntlet | Reached XP level 15. HP: 61/103 MP: 14/22
 26761 | Gauntlet | Identified the ring of Koygeet {Fly rF++ rC+ MP+9 Dex-5}
 26771 | Gauntlet | Reached XP level 16. HP: 108/108 MP: 23/23
 26905 | Gauntlet | Identified the ring of Optimism {Ice rPois Int+4 Stlth-}
 26995 | Gauntlet | Reached skill level 10 in Short Blades
 27252 | D:13     | Found Xilus's Jewellery Shop.
 27313 | D:13     | Found a glowing silver altar of Zin.
 27335 | D:13     | Found Opsyokh's Magic Scroll Emporium.
 27345 | D:13     | Bought a scroll of teleportation for 36 gold pieces
 27345 | D:13     | Bought a scroll of teleportation for 36 gold pieces
 27676 | D:13     | Found a gate to the Vaults.
 28677 | D:14     | Found the +13 scythe of Curses {drain, curses, Drain}
 29335 | Orc:1    | Entered Level 1 of the Orcish Mines
 29689 | Orc:2    | Entered Level 2 of the Orcish Mines
 30492 | Orc:2    | Found a staircase to the Elven Halls.
 30510 | Orc:2    | Found Qukeown's Jewellery Shoppe.
 30606 | Orc:2    | Found Fockim's Antique Weapon Emporium.
 30606 | Orc:2    | Found Bufem's Magic Scroll Shoppe.
 30607 | Orc:2    | Found Ydoneh's Magic Scroll Shoppe.
 30611 | Orc:2    | Found Adeschi's Jewellery Emporium.
 30617 | Orc:2    | Bought a scroll of revelation for 82 gold pieces
 30848 | Orc:2    | Bought an encrusted scimitar for 315 gold pieces
 30848 | Orc:2    | Identified the +7 scimitar "Grim Tooth" {elec, rPois rC++}
                  | (You bought it in a shop on level 2 of the Orcish Mines)
 30899 | Orc:1    | Noticed Sonja
 30933 | Orc:1    | Killed Sonja
 31585 | D:9      | Received a gift from Okawaru
 31801 | Snake:1  | Entered Level 1 of the Snake Pit
 31866 | Snake:1  | Found a frozen archway.
 31905 | IceCv    | Entered an ice cave
 32674 | IceCv    | Reached XP level 17. HP: 99/116 MP: 17/25
 33763 | Snake:1  | Reached skill level 10 in Invocations
 34613 | Snake:2  | Reached skill level 3 in Throwing
 34853 | Snake:2  | Received a gift from Okawaru
 34871 | Snake:2  | Identified the serpent talisman of the Raven {Str+3}
 34871 | Snake:2  | Noticed Aizul
 34892 | Snake:2  | Killed Aizul
 34893 | Snake:2  | Reached skill level 4 in Throwing
 34899 | Arena    | Entered the Arena
 35370 | Snake:2  | Reached skill level 5 in Throwing
 35518 | Snake:2  | Reached skill level 6 in Throwing
 35800 | Orc:2    | Bought the ring of the Tortoise {AC+8} for 1792 gold pieces
 35800 | Orc:2    | Found the ring of the Tortoise {AC+8}
 36197 | Snake:3  | Reached skill level 7 in Throwing
 36588 | Snake:3  | Reached skill level 8 in Throwing
 36854 | Snake:3  | Noticed Agnes
 36975 | Snake:3  | Reached skill level 9 in Throwing
 37514 | Snake:3  | Reached XP level 18. HP: 125/125 MP: 26/26
 37685 | Snake:4  | Entered Level 4 of the Snake Pit
 37775 | Snake:4  | Reached skill level 10 in Throwing
 38261 | Snake:4  | Reached skill level 11 in Throwing
 38655 | Snake:4  | Found a snail-covered altar of Cheibriados.
 39261 | Snake:4  | Received a gift from Okawaru
 39439 | Snake:4  | Acquired the +3 Mad Mage's Maulers {Infuse+∞ VampMP -Cast}
 39439 | Snake:4  | Received a gift from Okawaru
 39439 | Snake:4  | Found the +3 Mad Mage's Maulers {Infuse+∞ VampMP -Cast}
 39440 | Snake:4  | Acquired a +1 rapier of speed
 39440 | Snake:4  | Received a gift from Okawaru
 40024 | Orc:2    | Bought a scroll of enchant weapon for 97 gold pieces
 40024 | Orc:2    | Bought a scroll of fog for 52 gold pieces
 40864 | Snake:4  | Received a gift from Okawaru
 41210 | Snake:4  | Got a serpentine rune of Zot
 41460 | Snake:4  | Identified 2 scrolls of acquirement
 41460 | Snake:4  | Acquired 835 gold pieces
 41461 | Snake:4  | Acquired 801 gold pieces
 41754 | Shoals:1 | Entered Level 1 of the Shoals
 41848 | Shoals:1 | Found a runed translucent gate.
 41848 | Shoals:1 | Found a runed translucent gate.
 41848 | Shoals:1 | Found a runed translucent gate.
 41849 | Shoals:1 | Noticed Armakuni's ghost (adept HuWn)
 41850 | Shoals:1 | Noticed Qunibeji's ghost (adept HOFi)
 42708 | Shoals:1 | Received a gift from Okawaru
 42818 | Shoals:1 | Found Unosigof's Distillery.
 42825 | Shoals:1 | Bought 2 potions of heal wounds for 110 gold pieces
 42825 | Shoals:1 | Bought a potion of mutation for 88 gold pieces
 42825 | Shoals:1 | Bought a potion of haste for 110 gold pieces
 42825 | Shoals:1 | Bought a potion of mutation for 88 gold pieces
 42825 | Shoals:1 | Bought a potion of heal wounds for 55 gold pieces
 43184 | Shoals:2 | Reached skill level 1 in Armour
 43541 | Shoals:2 | Identified the +4 sling of Zuirr {elec, Int+2}
 44374 | Shoals:2 | Reached XP level 19. HP: 101/132 MP: 1/27
 44391 | Shoals:2 | Identified the +7 tower shield "Ygi Ces" {*Corrode rPois
                  | rC+++ Stlth+}
 44573 | Shoals:2 | Received a gift from Okawaru
 46016 | Shoals:3 | Noticed Ilsuiw
 46050 | Shoals:3 | Killed Ilsuiw
 46266 | Shoals:4 | Entered Level 4 of the Shoals
 46375 | Shoals:4 | Reached skill level 5 in Armour
 46938 | Shoals:4 | Found a glowing silver altar of Zin.
 47123 | Shoals:4 | Received a gift from Okawaru
 48094 | Shoals:4 | Found a glowing golden altar of the Shining One.
 48606 | Shoals:4 | Found a white marble altar of Elyvilon.
 49333 | Shoals:4 | Got a barnacled rune of Zot
 49551 | WizLab   | Identified the "Kufetr Poyti"
 49551 | WizLab   | Identified the "Borigeeq"
 49551 | Vaults:1 | Entered Level 1 of the Vaults
 49576 | Vaults:1 | Found a magical portal.
 49591 | WizLab   | Entered Yara's Duelist Academy
 50064 | WizLab   | Received a gift from Okawaru
 50909 | WizLab   | Reached XP level 20. HP: 130/140 MP: 2/28
 51750 | WizLab   | Noticed Caecued
 51765 | WizLab   | Killed Caecued the Head Instructor
 52229 | Vaults:1 | Found Voenuint's Antique Armour Emporium.
 53935 | Vaults:1 | Reached skill level 10 in Armour
 54942 | Vaults:1 | Reached skill level 5 in Stealth
 55213 | Vaults:1 | Received a gift from Okawaru
 55715 | Vaults:2 | Found a staircase to the Crypt.
 57227 | Vaults:2 | Reached skill level 10 in Stealth
 57591 | Vaults:2 | Reached skill level 12 in Throwing
 58370 | Vaults:2 | Reached skill level 13 in Throwing
 58579 | Vaults:2 | Reached XP level 21. HP: 146/146 MP: 1/29
 58652 | Vaults:2 | Reached skill level 14 in Throwing
 59328 | Vaults:2 | Found Sefown's Weapon Emporium.
 60028 | Vaults:3 | Received a gift from Okawaru
 60383 | Vaults:3 | Reached skill level 15 in Throwing
 62162 | Vaults:3 | Reached skill level 16 in Throwing
 66390 | Vaults:5 | Identified the "Beipt"
 66390 | Crypt:3  | Identified the "Cayres"
 66390 | Crypt:3  | Identified the "Sucryli"
 66390 | Elf:1    | Identified the "Jeloik"
 66390 | Desolati | Identified the of Usothroups
 66390 | Desolati | Identified the of Toriul
 66390 | Elf:1    | Entered Level 1 of the Elven Halls
 66408 | Elf:1    | Found Fiupp's Jewellery Emporium.
 66559 | Elf:1    | Found a crumbling gateway.
 66605 | Desolati | Entered the Desolation of Salt
 68241 | Desolati | Reached skill level 15 in Stealth
 68904 | Desolati | Reached XP level 22. HP: 152/152 MP: 4/30
 69394 | Desolati | Identified the +1 ring mail of the Ten Artists {Will+}
 69395 | Desolati | Identified the amulet of Fijuyrph {Reflect Harm rElec rF-
                  | rN++ Will- SH+5}
 69407 | Desolati | Identified the amulet of Joeqont {Reflect rF- rN++ Will+
                  | rCorr SH+5}
 69419 | Desolati | Identified the +1 pair of gloves of Too Many Cooks {Stlth+}
 70082 | Elf:1    | Found Jigrash's Antique Weapon Boutique.
 70301 | Elf:1    | Found a runed translucent door.
 70314 | Elf:1    | Noticed Supoed's ghost (veteran HuBe)
 70318 | Elf:1    | Noticed Azrael
 70334 | Elf:1    | Killed Azrael
 70335 | Elf:1    | Reached skill level 1 in Shields
 70582 | Elf:1    | Reached skill level 5 in Shields
 70641 | Elf:1    | Found Qydatt's Magic Scroll Emporium.
 70652 | Elf:1    | Bought a scroll of fog for 44 gold pieces
 71708 | Elf:1    | Bought a scroll of enchant weapon for 82 gold pieces
 71708 | Elf:1    | Bought a scroll of enchant weapon for 82 gold pieces
 71941 | Elf:2    | Found a runed translucent gate.
 71942 | Elf:2    | Found a runed translucent gate.
 71951 | Elf:2    | Found a runed translucent gate.
 72755 | Elf:2    | Found Uphiuxto's Distillery.
 72882 | Elf:2    | Bought a potion of curing for 48 gold pieces
 72882 | Elf:2    | Bought a potion of curing for 48 gold pieces
 72882 | Elf:2    | Bought a potion of heal wounds for 80 gold pieces
 72882 | Elf:2    | Bought 2 potions of mutation for 256 gold pieces
 72882 | Elf:2    | Bought a potion of mutation for 128 gold pieces
 73074 | Elf:2    | Reached skill level 10 in Shields
 73997 | Elf:3    | Identified the "Duraor"
 73997 | Elf:3    | Identified the "Tifa"
 73997 | Elf:3    | Identified the of Aleok
 73997 | Elf:3    | Identified the "Rimai"
 73997 | Elf:3    | Entered Level 3 of the Elven Halls
 76285 | Elf:3    | Identified the staff of Cosiuv {rN+ Str+3 Necro}
 76417 | Elf:3    | Identified the staff "Coam" {rPois rF- rN+ Dex+3 Necro}
 76477 | Elf:3    | Identified the +5 chain mail of Pleasant Breezes {rF+ rC+
                  | MP+9}
 76478 | Elf:3    | Identified the amulet "Taah" {Reflect Fly Str+3 SH+5
                  | Stlth+}
 76782 | D:15     | Entered Level 15 of the Dungeon
 77535 | D:15     | Found a staircase to the Depths.
 78325 | Depths:1 | Entered Level 1 of the Depths
 78340 | Depths:1 | Reached XP level 23. HP: 156/156 MP: 11/32
 79796 | Depths:1 | Found a gateway to Hell.
 81171 | Depths:1 | Received a gift from Okawaru
 82413 | Depths:2 | Reached skill level 15 in Shields
 82575 | Depths:2 | Found a transporter.
 83113 | Depths:2 | Found a shadowy altar of Dithmenos.
 83342 | Depths:2 | Noticed Mara
 83355 | Depths:2 | Killed Mara
 83736 | Depths:2 | Found a portal to a secret trove of treasure.
 83745 | Depths:2 | Identified the +0 robe of Koax {Str+3}
 84024 | Depths:2 | Found a transporter.
 84668 | Depths:3 | Reached skill level 17 in Throwing
 85060 | Depths:3 | Identified the +0 scale mail of Epniatuiqu {Slay+2}
 85695 | Depths:3 | Identified the +1 robe of Duty {Dex+5}
 85880 | Depths:3 | Found a one-way gateway to a ziggurat.
 85891 | Depths:2 | Received a gift from Okawaru
 86131 | Depths:3 | Noticed a caustic shrike
 86142 | Depths:3 | Killed a caustic shrike
 86289 | Depths:3 | Noticed a caustic shrike
 86298 | Depths:3 | Killed a caustic shrike
 86299 | Depths:3 | Reached skill level 18 in Throwing
 86536 | Depths:3 | Identified the +8 orcbow of Capital Punishment {drain, rN+}
 86730 | Depths:3 | Found a one-way gate to the infinite horrors of the Abyss.
 86960 | Depths:3 | a shadow dragon changed into a golden dragon
 86960 | Depths:3 | Noticed a golden dragon (glowing shapeshifter)
 86964 | Depths:3 | a golden dragon changed into a caustic shrike
 86964 | Depths:3 | Noticed a caustic shrike (glowing shapeshifter)
 86967 | Depths:3 | a caustic shrike changed into an iron troll
 87373 | Depths:3 | Found an iron altar of Okawaru.
 87382 | Depths:3 | Reached skill level 19 in Throwing
 88835 | Elf:2    | Reached XP level 24. HP: 163/163 MP: 1/33
 89662 | Depths:4 | Entered Level 4 of the Depths
 89690 | Depths:4 | Found a flickering gateway to a bazaar.
 89701 | Bazaar   | Entered a bazaar
 89701 | Bazaar   | Found Jawoabb's Jewellery Emporium.
 89701 | Bazaar   | Found Ybootod's Magic Scroll Shoppe.
 89701 | Bazaar   | Found Basoluuja's General Store.
 89701 | Bazaar   | Found Bowura's Antique Armour Emporium.
 89831 | Bazaar   | Bought a potion of mutation for 136 gold pieces
 89831 | Bazaar   | Bought a scroll of fog for 68 gold pieces
 89835 | Bazaar   | Bought 2 scrolls of fear for 96 gold pieces
 89835 | Bazaar   | Bought 3 scrolls of fog for 144 gold pieces
 89835 | Bazaar   | Bought a scroll of acquirement for 624 gold pieces
 89835 | Bazaar   | Bought a scroll of fog for 48 gold pieces
 89835 | Bazaar   | Bought a scroll of enchant weapon for 90 gold pieces
 89835 | Bazaar   | Bought a scroll of teleportation for 36 gold pieces
 89844 | Bazaar   | Acquired the ring "Naodet" {rN+ Will+ rCorr Dex+3}
 90159 | Depths:4 | Noticed Saint Roka
 90170 | Depths:4 | Killed Saint Roka
 90422 | Depths:4 | Reached skill level 20 in Throwing
 91051 | Depths:4 | Found a one-way gate leading to the halls of Pandemonium.
 91370 | Depths:4 | Reached skill level 5 in Evocations
 91600 | Depths:4 | Received a gift from Okawaru
 91663 | Depths:4 | Found a gate to the Realm of Zot.
 92507 | Zot:3    | Identified the "Bapoit"
 92507 | Slime:1  | Entered Level 1 of the Pits of Slime
 93547 | Slime:5  | Identified the "Oxotuhy"
 93547 | Slime:5  | Entered Level 5 of the Pits of Slime
 94085 | Slime:5  | Noticed the Royal Jelly
 95011 | Slime:5  | Killed the Royal Jelly
 95012 | Slime:5  | Reached skill level 21 in Throwing
 95214 | Slime:5  | Identified the +4 chain mail of Midnight {rN+ Regen+ Str+3}
 95215 | Slime:5  | Identified the ring of Lady Luck {+Blink rCorr}
 95219 | Slime:5  | Identified the +1 ring mail of Huixat {Str+4 Dex-4}
 95232 | Slime:5  | Got a slimy rune of Zot
 95234 | Slime:5  | Identified the +7 arbalest of the Smoking Gods {elec, rC+}
 95237 | Slime:5  | Identified the +9 mace "Ymeas" {freeze, rF- rN++ Will+
                  | Dex+3}
 95272 | Slime:5  | Received a gift from Okawaru
 95722 | Slime:5  | Found the ring of the Mage {Wiz Archmagi}
 96227 | Zot:1    | Entered Level 1 of the Realm of Zot
 97302 | Zot:1    | Reached XP level 25. HP: 168/168 MP: 1/33
 97634 | Zot:1    | Reached skill level 10 in Evocations
 98011 | Zot:1    | Noticed an orb of fire
 98369 | Depths:2 | You paid a toll of a +6 demon whip to enter a treasure
                  | trove
 98370 | Trove    | Entered a treasure trove
 98496 | Trove    | Found the -2 hat of the Alchemist {rElec rPois rF+ rC+ rN+
                  | Will+ rMut rCorr}
 98512 | Trove    | Identified the amulet "Echawk" {Reflect Harm rPois Regen+
                  | Int-4 SH+5}
 98515 | Trove    | Identified the amulet of Asoitant {Reflect rPois rF+ Int-5
                  | Dex+5 SH+5}
 98527 | Trove    | Identified the +2 cloak of Grace {rElec Dex+4}
 98545 | Trove    | Identified the +0 ring mail "Zotobl Ynli" {rPois Str+3
                  | Dex+6}
 98970 | Zot:1    | Identified the amulet "Totaop" {Regen+ Dex+3}
100167 | Zot:4    | Reached skill level 22 in Throwing
100324 | Zot:5    | Entered Level 5 of the Realm of Zot
101638 | Zot:5    | Noticed an ancient lich
101657 | Zot:5    | Noticed a dread lich
101668 | Zot:5    | Killed an ancient lich
101679 | Zot:5    | Killed a dread lich
102389 | Zot:5    | Received a gift from Okawaru
102709 | Zot:5    | Noticed an orb of fire
102715 | Zot:5    | Noticed a Killer Klown
102723 | Zot:5    | Killed a Killer Klown
102741 | Zot:5    | Killed an orb of fire
102772 | Zot:5    | Noticed an orb of fire
102779 | Zot:5    | Killed an orb of fire
102800 | Zot:5    | Noticed a Killer Klown
102824 | Zot:5    | Noticed an orb of fire
102827 | Zot:5    | Killed a Killer Klown
102832 | Zot:5    | Gained mutation: Armour fits poorly on your strangely
                  | shaped body. [an orb of fire]
102841 | Zot:5    | Gained mutation: You have hidden genetic defects. [an orb
                  | of fire]
102843 | Zot:5    | Killed an orb of fire
103073 | Zot:5    | Noticed an orb of fire
103163 | Zot:5    | Killed an orb of fire
103364 | Zot:5    | Noticed an orb of fire
103383 | Zot:5    | Killed an orb of fire
103689 | Zot:5    | Noticed an ancient lich
103729 | Zot:5    | Killed an ancient lich
103913 | Zot:5    | Noticed an ancient lich
104123 | Zot:5    | Killed an ancient lich
104301 | Zot:5    | Got the Orb of Zot
104548 | Depths:1 | Reached XP level 26. HP: 178/178 MP: 11/33
104854 | D:1      | Noticed a seraph
104860 | D:$      | Escaped with the Orb!

Illustrated notes

Levels and vault maps discovered:
D:1:      heliophobic_arrival_ceremonial_halls, layout_loops_ring,
          shapermc_ecumenical_altar_mp_highgroup, serial_shops, shop,
          grunt_decor_one_mirror
D:2:      layout_rooms, serial_shops, shop
D:3:      layout_rooms, kennysheep_potato
D:4:      layout_gridville, dancing_weapons_uskayaw,
          nicolae_nh_oracle_at_delphi, uniq_edmund
D:5:      minmay_bubble_buster, layout_gridville
D:6:      layout_loops_ring, bloody_makhleb, serial_shops,
          nicolae_shop_gibbet_a_chance, dreamdust_princess_bridge,
          uniq_eustachio, uniq_menkaure
D:7:      layout_loops_ring, temple_statues
D:8:      layout_loops_corners, special_room [special_room_orc],
          chequers_serial_rivers_micro_b
D:9:      cheibrodos_histonic, layout_loops_ring, orc_david_3, uniq_maggie,
          uniq_maurice
D:10:     layout_roguey, bh_hangedman_babel_library
D:11:     layout_long_grid, erik_lair_orcish_takeover, uniq_fannar
D:12:     layout_long_grid, uniq_frances
D:13:     layout_roguey [special_room_orc], david_vaults_4,
          gauntlet_entry_generic, serial_shops, nicolae_shop_waterfront,
          nicolae_shop_rolling_square, nicolae_shop_gaudy_bauble, zin_academy
D:14:     layout_stronghold, fountainhead
D:15:     grunt_enter_depths_hoard, layout_loops_ring, special_room
          [special_room_bee], corexii_hall_statues_l, minmay_stone_trees_small
Temple:   nicolae_temple_slightly_damp_pantheon
Lair:1:   layout_long_grid, serial_forest, infiniplex_forest_zigzag_1,
          infiniplex_forest_clump_long, infiniplex_forest_end_2,
          infiniplex_forest_straight_5, infiniplex_forest_lined_4_way,
          infiniplex_forest_clump_cross, infiniplex_staircase_pool_2,
          lemuel_fruit_tree
Lair:2:   layout_chaotic_city, nicolae_shoals_entry_flooding,
          grunt_forest_large_clearing_hut, serial_bayou_shore_a
Lair:3:   layout_loops_ring, minmay_snake_entry_six_corridors, serial_forest,
          infiniplex_forest_lined_ring, infiniplex_forest_end_3,
          infiniplex_forest_lined_3, infiniplex_forest_clump_curved,
          infiniplex_forest_end_3, infiniplex_forest_lined_3,
          infiniplex_forest_lined_corner
Lair:4:   layout_cave_pods, minmay_slime_entry_oklob_open,
          dreamdust_deal_with_the_devil
Lair:5:   gammafunk_lair_ancient_temple, layout_regular_city,
          gammafunk_ghost_grave, uniq_urug
Shoals:1: layout_shoals, serial_shops, nicolae_shop_rolling_square,
          gammafunk_ghost_cemetery
Shoals:2: layout_shoals, nicolae_shoals_mertower
Shoals:3: layout_shoals, uniq_ilsuiw
Shoals:4: shoals_end_hellmonk_holy_island
Snake:1:  layout_chambers, portal_ice_cave_entry_dragon
Snake:2:  layout_rooms, uniq_aizul
Snake:3:  cheibrodos_snake_lava_hold, layout_cave_shapes,
          nicolae_snake_ghostly_warrior_ritual, uniq_agnes
Snake:4:  grunt_snake_rune_serpentine_throne, layout_cave_town, basic_altar,
          nicolae_snake_gridmaze_entwining
Slime:1:  layout_caves
Slime:2:  layout_caves, basic_altar
Slime:3:  layout_caves, basic_altar
Slime:4:  layout_caves
Slime:5:  slime_pit_nicolae_trefoil
Orc:1:    cheibrodos_orc_bank, layout_caves, uniq_sonja
Orc:2:    st_orc_mages, layout_caves, serial_shops, nicolae_shop_rolling_square
Elf:1:    nicolae_elf_arrival_fired_up, layout_loops_cross,
          portal_desolation_entry_nicolae_nacl, ebering_ghost_reflecting_pool,
          serial_shops, nicolae_shop_stone, nicolae_shop_just_a_little_nook,
          shop, hangedman_elf_disciples, minmay_misc_feat_rows, minivault_26,
          uniq_azrael
Elf:2:    nicolae_elf_blades_crystal_corner, layout_geoelf_diagonals,
          serial_co_window_serial, co_window_corner_a, co_window_paths_b,
          co_window_corner_a, co_window_paths_a, co_window_paths_b,
          co_window_unsneaky_path_d, co_window_paths_c,
          co_window_unsneaky_path_a, glass_columns_a, glass_columns_a,
          serial_shops, nicolae_shop_trees, nicolae_elf_free_trip_to_the_abyss
Elf:3:    grunt_elf_hall_asides, layout_geoelf_diagonals,
          fake_guardian_serpent_vault, grunt_megastairs_3
Vaults:1: mu_enter_wizlab_5, nicolae_vaults_six-pack,
          nicolae_vaults_security_offices_1, nicolae_vaults_trapezoid_layered,
          vaults_room_octagon, v_misc_14, ontoclasm_vaults_hangar,
          nicolae_vaults_hexular_roomagon, ontoclasm_vaults_pinch,
          nicolae_vaults_house_2, grunt_vaults_swirl, vaults_dpeg_doors,
          v_misc_23, v_misc_30, layout_vaults_omnibox, serial_shops, shop
Vaults:2: nicolae_vaults_steering_wheel, vaults_room_pool,
          kennysheep_ogre_elephant_herders, vaults_standard_mumra_x,
          hangedman_vaults_corner_blocks, vaults_room_stairs_pillars,
          nicolae_vaults_little_squares_4, minmay_crypt_entry_simple_sparse,
          nicolae_vaults_network_square, v_pattern_5, hangedman_vaults_slice,
          v_rooms_1, nicolae_vaults_diagonal_hallway_7, v_misc_16,
          vaults_dpeg_encased_lava, layout_vaults_maze_bifur, serial_shops,
          shop_fountains
Vaults:3: nicolae_vaults_mitosis, v_misc_22, nicolae_vaults_closet_pinwheel_5,
          nicolae_vaults_surprise_closet,
          vaults_standard_mumra_enter_the_diamond,
          nicolae_vaults_storage_closets_1, nicolae_vaults_angled_halls,
          nicolae_vaults_six-pack, layout_vaults_chaotic_city
Vaults:4: vaults_dpeg_cross, nicolae_vaults_octothorpe,
          nicolae_vaults_little_squares_4, nicolae_vaults_house_1,
          hangedman_vaults_locks, nicolae_vaults_wrenched,
          nicolae_vaults_trapezoid_lopsided_4, nicolae_vaults_closet_pinwheel_1,
          nicolae_vaults_ninety_degrees, v_misc_17, hangedman_vaults_cutoff,
          nicolae_vaults_tetromino_L_1, layout_vaults_ring
Depths:1: layout_basic, minmay_misc_feat_alley, grunt_mini_vestibule,
          amcnicky_mini_corridor_feature, kennysheep_generic_room_2
Depths:2: gammafunk_its_a_trap, layout_basic, lemuel_crystal_altar,
          grunt_pan_entry_in_and_out, nicolae_trove_entry_free_sample,
          hell_entry, uniq_mara
Depths:3: minmay_swirls_squares, layout_cave_shapes, enter_ziggurat_e,
          hell_entry, okawaru_trees_2, abyss_entry
Depths:4: grunt_zot_entry_bicorn, layout_cave_shapes,
          chequers_serial_rivers_micro_e, rand_demon_pan_entry_7, hell_entry,
          serial_shops, bzr_entry_lakeside, minmay_misc_feat_x,
          nicolae_twisting_strands, uniq_saint_roka
Zot:1:    layout_gridlike, regret_index_zotdec_plus
Zot:2:    kennysheep_bubbly, layout_gridville
Zot:3:    layout_gridlike
Zot:4:    layout_cellular_growth, regret_index_zotdec_under_construction,
          zot_minivault_1
Zot:5:    layout_misc_corridors

Skill      XL: |  1  2  3  4  5  6  7  8  9 10 11 12 13 14 15 16 17 18 19 20 21 22 23 24 25 |
---------------+----------------------------------------------------------------------------+-----
Stealth        | 1 2 3 4 10 15 16 | 16.0
Fighting       | 4 5 6 8 9 10 11 12 13 15 16 18 19 20 21 | 21.6
Ranged Weapons | 1 4 6 7 8 10 11 13 | 13.4
Dodging        | 4 5 6 8 10 11 13 15 16 18 19 20 21 | 21.9
Invocations    | 1 4 6 8 9 10 12 | 12.0
Evocations     | 2 4 9 10 | 10.0
Short Blades   | 6 9 10 11 14 | 14.0
Throwing       | 9 11 13 16 19 21 22 | 22.0
Armour         | 2 5 10 | 10.0
Shields        | 14 16 | 16.0

Action                     |  1- 3 |  4- 6 |  7- 9 | 10-12 | 13-15 | 16-18 | 19-21 | 22-24 | 25-27 || total
---------------------------+-------+-------+-------+-------+-------+-------+-------+-------+-------++-------
  Melee: Rapier            |   112 |     6 |       |       |       |   411 |  1643 |  1557 |   309 ||  4038
         Peck              |    15 |       |       |       |       |   135 |   563 |   543 |   105 ||  1361
         Kick              |    16 |       |       |       |       |   204 |   884 |   864 |   169 ||  2137
         Punch             |     1 |       |       |       |       |    12 |    71 |    11 |       ||    95
         Scimitar          |       |       |       |       |       |       |     1 |       |       ||     1
   Fire: Sling             |       |    76 |   301 |   486 |   740 |  1797 |       |     9 |       ||  3409
  Throw: Stone             |    19 |     1 |       |       |       |       |       |       |       ||    20
         Throwing net      |     4 |     1 |     1 |       |       |       |     8 |     3 |       ||    17
         Javelin           |     5 |     2 |       |       |     1 |    18 |    33 |   125 |    65 ||   249
         Dart              |       |    11 |     2 |     2 |     1 |    10 |     9 |       |       ||    35
         Boomerang         |       |       |       |       |       |    16 |   253 |   324 |    84 ||   677
 Invoke: Heroism           |       |       |       |     6 |     7 |    14 |    21 |    21 |     6 ||    75
         Finesse           |       |       |       |     2 |     5 |    10 |     6 |     8 |     4 ||    35
         Duel              |       |       |       |       |       |     1 |       |       |       ||     1
         Receive Weapon    |       |       |       |       |       |     1 |       |       |       ||     1
         Receive Armour    |       |       |       |       |       |     1 |       |       |       ||     1
  Evoke: Wand              |       |       |       |       |     9 |    20 |     6 |     3 |     1 ||    39
         Lightning rod     |       |       |       |       |       |     9 |     9 |     3 |       ||    21
         Condenser vane    |       |       |       |       |       |     1 |     3 |     2 |     1 ||     7
    Use: Scroll            |       |     3 |    11 |    13 |     8 |    21 |    12 |    10 |    11 ||    89
         Potion            |       |     2 |     1 |     1 |     6 |    10 |     4 |     2 |     9 ||    35
   Stab: Held in net/web   |     2 |       |       |       |       |       |     6 |       |       ||     8
         Sleeping          |     4 |     1 |       |       |       |     2 |    33 |    41 |    10 ||    91
         Distracted        |       |       |       |       |       |     2 |     5 |    10 |     2 ||    19
         Invisible         |       |       |       |       |       |       |    10 |       |       ||    10
         Confused          |       |       |       |       |       |       |     1 |     1 |       ||     2
 Armour: Leather armour    |    39 |    11 |    21 |    17 |    18 |    46 |     1 |       |       ||   153
         Swamp dragon scal |       |       |       |    33 |    81 |   275 |   289 |   184 |    49 ||   911
         Robe              |       |       |       |     6 |       |       |     5 |    56 |       ||    67
         Ice dragon scales |       |       |       |       |       |    49 |       |       |       ||    49
  Dodge: Dodged            |    55 |    10 |    56 |   152 |   359 |  1197 |  1191 |   640 |   107 ||  3767
  Block: Tower shield      |       |       |       |       |       |       |       |   836 |   251 ||  1087

Table legend: (Time is in decaauts)
 A = Elapsed time spent in this place.
 B = Non-inter-level travel time spent in this place.
 C = Inter-level travel time spent in this place.
 D = Time resting spent in this place.
 E = Time spent auto-exploring this place.
 F = Levels seen in this place.
 G = Mean time per level.
                   A        B        C        D        E       F      G
               +--------+--------+--------+--------+--------+-----+--------+
         Total | 101773 |  93826 |   7947 |  15217 |  62869 |  59 | 1725.0 |
       Dungeon |  26887 |  23246 |   3641 |   6800 |  11079 |  15 | 1792.5 |
        Temple |     38 |      2 |     36 |      0 |      0 |   1 |   38.0 |
          Lair |   6143 |   5084 |   1059 |    122 |   3940 |   5 | 1228.6 |
        Shoals |   7163 |   7004 |    159 |    191 |   5774 |   4 | 1790.8 |
     Snake Pit |   7672 |   7129 |    543 |    623 |   4864 |   4 | 1918.0 |
    Slime Pits |   3334 |   3230 |    104 |   2174 |    495 |   5 |  666.8 |
  Orcish Mines |   2102 |   1677 |    425 |    116 |   1191 |   2 | 1051.0 |
   Elven Halls |   8061 |   7690 |    371 |    417 |   6379 |   3 | 2687.0 |
        Vaults |  13038 |  12782 |    256 |    550 |  11086 |   4 | 3259.5 |
        Depths |  11807 |  10934 |    873 |    262 |   9565 |   4 | 2951.8 |
           Zot |   7217 |   6740 |    477 |   1505 |   4396 |   5 | 1443.4 |
        Bazaar |    167 |    167 |      0 |      0 |    141 |   1 |  167.0 |
         Trove |    189 |    189 |      0 |      0 |    126 |   1 |  189.0 |
      Ice Cave |   1332 |   1332 |      0 |    287 |    740 |   1 | 1332.0 |
        Wizlab |   2332 |   2332 |      0 |   1111 |    853 |   1 | 2332.0 |
    Desolation |   3221 |   3221 |      0 |    959 |   1665 |   1 | 3221.0 |
      Gauntlet |   1041 |   1041 |      0 |     84 |    574 |   1 | 1041.0 |
         Arena |     20 |     20 |      0 |     10 |      0 |   1 |   20.0 |
               +--------+--------+--------+--------+--------+-----+--------+

Top non-repeatable levels by time:
   Zot:5: 3873 daAuts
Depths:1: 3708 daAuts
   Elf:2: 3708 daAuts
Vaults:1: 3497 daAuts
Vaults:2: 3457 daAuts
Vaults:3: 3435 daAuts
     D:1: 3305 daAuts
 Snake:4: 3297 daAuts
Desolation: 3221 daAuts
     D:2: 3096 daAuts
Depths:2: 2868 daAuts
Depths:3: 2819 daAuts
Vaults:4: 2648 daAuts
   Zot:1: 2598 daAuts
     D:5: 2481 daAuts
